 Dungeon Crawl Stone Soup version 0.30.1-11-g7821555f0a (webtiles) character file.

Game seed: 15570620157879704306

679 jagang the Slasher (level 7, 0/56 HPs)
             Began as a Human Monk on Dec 26, 2023.
             Slain by Menkaure (8 damage)
             ... on level 5 of the Dungeon on Dec 27, 2023.
             The game lasted 00:08:39 (3572 turns).

jagang the Slasher (Human Monk)                     Turns: 3572, Time: 00:08:40

Health: 0/56       AC: 10    Str: 11    XL:     7   Next: 92%
Magic:  7/7        EV:  7    Int: 10    God:
Gold:   330        SH:  0    Dex: 18    Spells: 6/6 levels left

rFire   + . .        k - +2 short sword (venom)
rCold   + . .        d - orb {light}
rNeg    . . .        p - +0 chain mail
rPois   .            (no helmet)
rElec   .            m - scarf {rC+ rF+}
rCorr   .            w - +0 pair of gloves
SInv    .            (no boots)
Will    .....        (no amulet) Stlth
                     (no ring)
HPRegen 0.29/turn    (no ring)
MPRegen 0.10/turn

%: no passive effects
@: glowing
A: no striking features
a: no special abilities


You were on level 5 of the Dungeon.
You visited 1 branch of the dungeon, and saw 5 of its levels.

You collected 330 gold pieces.

Inventory:

Hand Weapons
 a - a +0 falchion
 k - a +2 short sword of venom (weapon)
 n - a +0 great sword
Armour
 d - an orb of light (worn)
 i - the +0 scale mail of the Parsimonious God {rF++ Str+3}
   (You found it on level 4 of the Dungeon)

   Str:       It affects your strength (+3).
   rF:        It greatly protects you from fire.
 m - a scarf of resistance (worn)
 p - a +0 chain mail (worn)
 w - a +0 pair of gloves (worn)
Wands
 r - a wand of charming (12)
 t - a wand of roots (6)
Scrolls
 e - 3 scrolls of teleportation {unknown}
 f - 3 scrolls of silence
 g - 3 scrolls of enchant armour {unknown}
 j - 3 scrolls of identify {unknown}
 l - a scroll of summoning {unknown}
 q - a scroll of immolation {unknown}
 y - a scroll of amnesia {unknown}
 z - a scroll of blinking {unknown}
Potions
 b - 3 potions of curing {unknown}
 c - a potion of ambrosia
 h - 2 potions of magic {unknown}
 o - 2 potions of mutation {unknown}
 s - a potion of heal wounds {unknown}
 u - a potion of lignification {unknown}
 v - a potion of brilliance {unknown}
 x - a potion of resistance {unknown}
 A - a potion of degeneration {unknown}


   Skills:
 + Level 5.5 Fighting
 + Level 5.5 Long Blades
 + Level 4.4 Armour
 - Level 3.0 Dodging


You had 6 spell levels left.
You didn't know any spells.
Your spell library was empty.

Dungeon Overview and Level Annotations

Branches:
Dungeon (5/15)
 Temple: D:4-7

Altars:
Fedhas

Annotations:
D:5 Menkaure


Message History

Menkaure seems to speed up.
A hound comes into view.
The hound barks!
You hit Menkaure but do no damage. Menkaure closely misses you.
You hit Menkaure but do no damage.
Menkaure gestures at you while chanting.
Pain shoots through your body!
You hit Menkaure.
Menkaure is lightly damaged.
Menkaure closely misses you.
You completely miss Menkaure.
Menkaure is lightly damaged.
Menkaure barely misses you.
You hit Menkaure.
Menkaure is moderately damaged.
Menkaure hits you!
You hit Menkaure but do no damage.
Menkaure is moderately damaged.
Menkaure hits you but does no damage.
You hit Menkaure.
Menkaure is heavily damaged.
Menkaure hits you!
You are too injured to fight recklessly!
You are too injured to fight recklessly!
You hit Menkaure but do no damage.
Menkaure is heavily damaged.
Menkaure calls on the powers of darkness!
Your body is wracked with pain!
* * * LOW HITPOINT WARNING * * *
The hound convulses!
You hit Menkaure.
Menkaure is severely damaged.
Menkaure calls on the powers of darkness!
Your body is wracked with pain!
* * * LOW HITPOINT WARNING * * *
The hound convulses!
You hit Menkaure.
Menkaure is almost destroyed.
Menkaure hits you!
You die...

#############
.....hM@....#
###########.# #.#
####>####
#.......#
#.##.##...(.
#############.##.#
####
#......†......†..#
#.###########..###


You could see Menkaure (fast) and a hound.

Vanquished Creatures
  Eustachio (D:4)
  A scorpion (D:5)
  2 hounds (D:5)
  3 jellies
  2 orc priests (D:4)
  An iguana (D:5)
  A sleepcap (D:4)
  Jessica (D:3)
  Ijyb (D:3)
  An orc wizard (D:4)
  6 adders
  A shadow imp (D:5)
  A worm (D:2)
  4 dart slugs
  8 orcs
  8 ball pythons
  5 endoplasms
  3 giant cockroaches
  3 goblins
  7 hobgoblins
  8 jackals
  5 kobolds
  A quokka (D:2)
  2 bats
  2 frilled lizards (D:3)
  3 rats
81 creatures vanquished.

Notes
Turn   | Place    | Note
-------+----------+-------------------------------------------
     0 | D:1      | jagang the Human Monk began the quest for the Orb.
     0 | D:1      | Reached XP level 1. HP: 18/18 MP: 1/1
   113 | D:1      | Reached XP level 2. HP: 24/24 MP: 2/2
   694 | D:1      | Reached skill level 1 in Armour
  1176 | D:2      | Reached XP level 3. HP: 29/29 MP: 3/3
  1313 | D:2      | Reached XP level 4. HP: 23/36 MP: 4/4
  1945 | D:3      | Noticed Ijyb
  1955 | D:3      | Killed Ijyb
  2105 | D:3      | Reached XP level 5. HP: 42/42 MP: 5/5
  2182 | D:3      | Noticed Jessica
  2194 | D:3      | Killed Jessica
  2212 | D:3      | Found a blossoming altar of Fedhas.
  2281 | D:3      | Found a faded altar of an unknown god.
  2659 | D:4      | Identified the +0 scale mail of the Parsimonious God {rF++
                  | Str+3}
  2735 | D:4      | Noticed Eustachio
  2746 | D:4      | Killed Eustachio
  2747 | D:4      | Reached XP level 6. HP: 22/49 MP: 6/6
  2963 | D:4      | Reached XP level 7. HP: 50/55 MP: 7/7
  2984 | D:4      | Reached skill level 5 in Fighting
  3049 | D:4      | Reached skill level 5 in Long Blades
  3396 | D:5      | Entered Level 5 of the Dungeon
  3559 | D:5      | Noticed Menkaure
  3572 | D:5      | Slain by Menkaure

Illustrated notes

Levels and vault maps discovered:
D:1:      erik_arrival_orb_chamber, layout_basic, minivault_24
D:2:      layout_basic, minmay_misc_feat_alley, minmay_pentomino_u2
D:3:      layout_basic, fedhas_altar_4, basic_ecumenical_altar,
          minmay_gold_behind_fungi, uniq_ijyb, uniq_jessica
D:4:      layout_rooms, uniq_eustachio
D:5:      layout_loops_ring, gammafunk_temple_overflow_forgotten,
          lemuel_coloured_pillars_altar, minmay_temple_entry_mini_moons,
          portal_sewer_entry_d, serial_shops, shop, uniq_sigmund, uniq_menkaure,
          uniq_edmund

Skill      XL: |  1  2  3  4  5  6  7 |
---------------+----------------------+-----
Armour         | 1 2 3 4 |  4.4
Fighting       | 4 5 |  5.5
Long Blades    | 4 5 |  5.5
Dodging        | |  3.0

Action                     |  1- 3 |  4- 6 |  7- 9 || total
---------------------------+-------+-------+-------++-------
  Melee: Falchion          |    23 |       |       ||    23
         Short sword       |    46 |    85 |    64 ||   195
    Use: Scroll            |     1 |       |       ||     1
 Armour: Robe              |     6 |       |       ||     6
         Scale mail        |    20 |     4 |       ||    24
         Chain mail        |       |    28 |    27 ||    55
  Dodge: Dodged            |    38 |    20 |    25 ||    83
